[Event "USA Championship Women 2022"]
[Site "Saint Louis"]
[Date "2022.10.08"]
[Round "4.7"]
[White "Paikidze, Nazi"]
[Black "Tokhirjonova, Gulrukhbegim"]
[Result "1/2-1/2"]
[ECO "D77"]
[WhiteElo "2354"]
[BlackElo "2336"]
[Annotator "TA"]
[PlyCount "89"]
[EventDate "2022.09.05"]
[EventType "tourn"]
[EventCountry "USA"]
[SourceTitle "playchess.com"]
[Source "ChessBase"]
[SourceQuality "1"]
[TimeControl "40/5400+30:1800+30"]

1. d4 Nf6 2. c4 g6 3. g3 Bg7 4. Bg2 d5 5. Nf3 O-O 6. O-O dxc4 7. Na3 a5 {[%emt 0:04:21] 7...c5 gains popularity.} 8. Ne5 {[%emt 0:04:07] D77: Fianchetto Grünfeld: 6 0-0: Replies other than 6...c6.} c6 9. Naxc4 a4 {[%emt 0:01:10] [#]} 10. e4 $146 ({Predecessor:} 10. Qc2 b5 11. Na3 Qxd4 12. Nxc6 Nxc6 13. Be3 Qg4 14. Qxc6 Bd7 15. Qc5 Rac8 16. Bf3 {0-1 (47) Wang,Y (2448)-Li,C (2683) Liaocheng 2021}) 10... Nbd7 11. f4 Nb6 12. Ne3 Nfd7 13. Qc2 c5 14. Nxd7 Nxd7 15. d5 (15. dxc5 $16 {aiming for e5.} Bd4 16. Rd1) 15... Bd4 $11 16. Rb1 Nf6 17. Kh1 e6 18. d6 Nd7 (18... Qxd6 $2 19. e5 Qe7 20. exf6 Qxf6 21. Ng4 $18) 19. b4 axb3 $1 20. Qxb3 b5 21. Nc2 (21. Qxb5 Ba6 22. Qc6 Bxf1 23. Nxf1 Rxa2 $17) 21... Bg7 22. e5 (22. Qxb5 $2 Rb8 23. Qxb8 Nxb8 24. Rxb8 Qxd6 $19) 22... Rb8 23. Bd2 Bb7 24. a4 Bxg2+ 25. Kxg2 b4 26. Ne3 Qb6 27. Nc4 Qc6+ 28. Kg1 Ra8 29. a5 f6 $1 30. Nb6 $36 {[%emt 0:04:19][%mdl 2048] White has good play.} Nxb6 31. Qxe6+ Kh8 32. axb6 fxe5 $1 33. fxe5 Rfe8 34. Qc4 Rxe5 {[%emt 0:01:28] ...Re4 is the strong threat.} (34... Bxe5 $2 35. Be3 $18) 35. Rxb4 {[%emt 0:02:31] Threatens to win with Bc3.} Rd5 {[%emt 0:03:10] [#]} (35... Qxd6 $11 36. Rb2 Re7) 36. Be3 $1 $16 Qxd6 (36... Rd4 $16 37. b7 Rb8) 37. b7 ({White should play} 37. Rb5 $18 {Strongly threatening b7.} Rd1 38. Rb1 (38. Bxc5 Rxf1+ 39. Kxf1 Qc6 $11) (38. Rxc5 Rf8 $17) 38... Rxf1+ 39. Kxf1 (39. Qxf1 Bd4 $14)) 37... Rb8 $14 38. Rb5 (38. Rbb1 $16) 38... Bd4 $2 (38... h5 $14) 39. Bxd4+ $18 Rxd4 40. Qf7 $2 (40. Qc3 $18) 40... Rd2 $11 {[%emt 0:00:53] The position is equal.} 41. Qf3 {[%emt 0:17:59] [#] Hoping for Qc3+. Active counter play!} Kg7 42. Qf7+ Kh8 43. Qf3 {[%emt 0:00:35] Chess con chili.} Kg7 44. Qf7+ Kh8 45. Qf3 {[%emt 0:00:09] Weighted Error Value: White=0.20 (precise) /Black=0.11 (very precise)} 1/2-1/2

[Event "USA Championship Women 2022"]
[Site "Saint Louis"]
[Date "2022.10.09"]
[Round "5.1"]
[White "Yan, Ruiyang"]
[Black "Wu, Rochelle"]
[Result "0-1"]
[ECO "B69"]
[WhiteElo "2220"]
[BlackElo "2317"]
[Annotator "TA"]
[PlyCount "102"]
[EventDate "2022.09.05"]
[EventType "tourn"]
[EventCountry "USA"]
[SourceTitle "playchess.com"]
[Source "ChessBase"]
[SourceQuality "1"]
[TimeControl "40/5400+30:1800+30"]

1. e4 c5 2. Nf3 d6 3. d4 cxd4 4. Nxd4 Nf6 5. Nc3 Nc6 6. Bg5 e6 7. Qd2 a6 8. O-O-O Bd7 9. f4 Be7 10. Nf3 b5 11. Bxf6 gxf6 12. Kb1 Qb6 {[%emt 0:00:11] B69: Sicilian: Richter-Rauzer: 7...a6 8 0-0-0 Bd7 9 f4 Be7 10 Nf3 b5 11 Bxf6.} 13. Ne2 O-O-O 14. f5 Kb8 {[%emt 0:10:19] The position is equal.} 15. Nf4 Rhe8 16. Bd3 Ne5 17. Qe2 {[%emt 0:03:19] [#]} Rc8 $146 ({Predecessor:} 17... Nxd3 18. Qxd3 d5 19. e5 Qc7 20. Rhe1 fxe5 21. Nxe5 Bd6 22. Qd4 Bc8 23. fxe6 fxe6 {½-½ (62) Hong,A (2428)-Jacobson,B (2470) Charlotte 2020}) 18. Nd2 a5 19. c4 b4 20. Rhf1 a4 21. Rc1 Bd8 22. fxe6 fxe6 23. Nf3 Rg8 24. h3 Nxf3 25. Rxf3 Qd4 (25... Rg5 $5 ) 26. Qd2 Qc5 27. g4 Rf8 (27... Rc7 $11) 28. Qf2 (28. Be2 $14) 28... Qe5 $11 29. Ne2 Qa5 30. Qd4 Be7 31. Qe3 Rc5 32. Nd4 Re5 33. Qd2 Qb6 34. Qf2 Rc8 35. Nc2 Rec5 36. Ne3 Qb7 37. Ng2 d5 ({Better is} 37... Bc6 $17 38. Re1 b3) 38. exd5 exd5 39. Re3 Bd8 (39... Bf8 $5 40. Qf4+ Qc7 $15) 40. Qf4+ (40. Nf4 $11 {keeps the balance.}) 40... Ka8 ({Black should play} 40... Bc7 $17 41. Qxf6 dxc4) 41. Re2 $15 dxc4 (41... b3 $15) 42. Bxc4 $2 (42. Be4 $11 {and White has nothing to worry.} Bc6 43. Bf5) 42... f5 $19 {[%emt 0:00:00] [#] Threatens to win with ...fxg4.} 43. Ne3 (43. g5 Bc6 44. Rce1 Bxg2 45. Be6) 43... fxg4 44. hxg4 Bg5 45. Qd4 Be8 {[%emt 0:00:00] This bishop pair is nice.} 46. Rec2 Bxe3 {[%emt 0:00:00] Black mates.} ({Wrong is} 46... Bg6 $2 47. Nf5 Bxc1 48. Bd5 Qxd5 49. Qxd5+ Rxd5 50. Rxc8+ Kb7 51. Rxc1 $19) 47. Qxe3 Bg6 $1 48. b3 Rxc4 49. bxc4 b3 50. axb3 Qxb3+ 51. Qxb3 axb3 {[%emt 0:00:00][%mdl 64] Pin.  Weighted Error Value: White=0.53/Black=0.13 (very precise)} 0-1

[Event "USA Championship Women 2022"]
[Site "Saint Louis"]
[Date "2022.10.09"]
[Round "5.2"]
[White "Tokhirjonova, Gulrukhbegim"]
[Black "Krush, Irina"]
[Result "0-1"]
[ECO "B62"]
[WhiteElo "2336"]
[BlackElo "2432"]
[Annotator "TA"]
[PlyCount "74"]
[EventDate "2022.09.05"]
[EventType "tourn"]
[EventCountry "USA"]
[SourceTitle "playchess.com"]
[Source "ChessBase"]
[SourceQuality "1"]
[TimeControl "40/5400+30:1800+30"]

1. e4 c5 2. Nf3 d6 3. d4 cxd4 4. Nxd4 Nf6 5. Nc3 Nc6 6. Bg5 e6 7. Qd3 Bd7 $1 {[%emt 0:01:51][%mdl 4] is now more promising than 7...a6. B62: Sicilian: Richter-Rauzer: 6...e6: Unusual White 7th moves.} 8. Be2 a6 9. f4 Be7 {[%emt 0:03:20] The position is equal.} 10. O-O-O b5 11. Bf3 Rc8 {[%emt 0:09:36] [#]} 12. Nxc6 $146 ({Predecessor:} 12. Bxf6 Bxf6 13. Nxc6 Bxc6 14. Qxd6 Qxd6 15. Rxd6 Be7 16. Rd3 g5 17. g3 gxf4 18. gxf4 {1-0 (62) Paravyan,D (2629)-Mohite,R (2091) St Petersburg 2018}) 12... Bxc6 13. a3 O-O 14. g4 (14. Bxf6 $11 {keeps the balance.} Bxf6 15. Qxd6) 14... Qc7 15. h4 {[%emt 0:06:23] [#]} ({Better is} 15. Bxf6 $15 Bxf6 16. Kb1 (16. Qxd6 $2 Qb6 $17)) 15... a5 $1 $17 16. Ne2 {[%emt 0:12:14] [#]} b4 $1 {[%emt 0:00:43][%cal Oc6b5] Strongly threatening ...Bb5!} 17. Nd4 {[%emt 0:01:39] Prevents Bb5.} Bd7 18. axb4 axb4 19. Rhe1 (19. Rhg1 $17) 19... h6 $19 20. Rh1 $2 {[%emt 0:08:55] This costs White the game.} (20. Kb1 $17) 20... e5 ({Stronger than} 20... hxg5 21. hxg5 Qc4 22. gxf6 Bxf6 23. e5 Qxd3 24. Rxd3 dxe5 25. g5 Bxg5 26. fxg5 exd4 27. Rxd4 $11) 21. Nf5 Bxf5 22. Bxf6 Bxf6 23. exf5 exf4 (23... Qa7 $142 {Hoping for ...e4.} 24. g5 Qa1+ 25. Kd2 Qxb2) 24. Rh2 $2 (24. g5 Rfe8 25. Rhe1 (25. gxf6 $2 Re3 $19) 25... Rxe1 26. Rxe1 hxg5 27. hxg5 Bxg5 28. Kb1) 24... Qa7 25. Qb3 {[%emt 0:03:12] Inhibits Bc3.} Rfe8 {[%emt 0:04:34] ( -> ...Qa1+)} 26. Re2 Re3 27. Rxe3 fxe3 28. Kb1 {[%emt 0:00:07] Inhibits Qa1+.} Bxh4 29. Rxd6 Qe7 30. Qd3 Bf6 {[%emt 0:01:48] Inhibits Rd4. And now ...Qe5 would win.} 31. Rd5 {[%emt 0:00:11] Inhibits Qe5.} Re8 32. Be2 (32. Qe2 $142) 32... Ra8 {[%emt 0:00:02] Threatens to win with ...Qa7.} 33. Rb5 Qa7 {[%emt 0:00:36][%csl Ga8][%cal Ra7a1] Black mates.} 34. c3 bxc3 35. Qd5 cxb2 36. Bc4 Qa1+ 37. Kc2 Qc1+ {[%emt 0:00:11] Weighted Error Value: White=0.77/Black=0.43} 0-1

[Event "USA Championship Women 2022"]
[Site "Saint Louis"]
[Date "2022.10.09"]
[Round "5.3"]
[White "Eswaran, Ashritha"]
[Black "Zatonskih, Anna"]
[Result "1-0"]
[ECO "B12"]
[WhiteElo "2365"]
[BlackElo "2368"]
[Annotator "TA"]
[PlyCount "49"]
[EventDate "2022.09.05"]
[EventType "tourn"]
[EventCountry "USA"]
[SourceTitle "playchess.com"]
[Source "ChessBase"]
[SourceQuality "1"]
[TimeControl "40/5400+30:1800+30"]

1. e4 c6 2. d4 d5 3. e5 Bf5 4. h4 h6 5. Bd3 Bxd3 6. Qxd3 e6 {[%emt 0:00:07] B12: Caro-Kann: Advance Variation.} 7. h5 Nd7 8. Ne2 c5 {[%emt 0:01:40] The position is equal.} 9. c3 Ne7 {[%emt 0:04:56] [#]} 10. O-O $146 ({Predecessor:} 10. Nd2 Nc6 11. a3 Rc8 12. f4 Nb6 13. Nf3 Qd7 14. O-O Ne7 15. g4 Rg8 {0-1 (62) Wuestehube,H (1993)-Darr,S (2218) Muehlhausen 2007}) 10... Qc7 11. Na3 {[%emt 0:04:34][%cal Bb1a3,Ba3c2,Bc2e3,Be3f5,Bf5d6,Bd6f7,Bf7d8][%mdl 32] Strongly threatening Nb5.} a6 {[%emt 0:03:41] Against Nb5} 12. Nc2 Nc6 13. f4 f5 {[%emt 0:10:19] [#]} (13... cxd4 $16 14. cxd4 Rc8) 14. g4 $1 $18 Ne7 15. Ne3 fxg4 {[%emt 0:01:28] [#]} 16. f5 $1 O-O-O 17. Nf4 exf5 18. Nxf5 ({But not} 18. Nexd5 Nxd5 19. Nxd5 Qc6) 18... cxd4 19. cxd4 Qb6 (19... Nxf5 {was necessary.} 20. Qxf5 Qb6) 20. Nd6+ ({Not} 20. Nxe7+ Bxe7 21. Nxd5 Qe6 $18) 20... Kb8 {[%emt 0:00:02] aiming for ...Nxe5.} 21. Nf7 Rg8 22. Nxd8 Nxe5 23. Qb3 {[%emt 0:00:22] White is winning.} Qxb3 24. axb3 Nf3+ 25. Kg2 {[%emt 0:00:33] White took control after the opening.  Weighted Error Value: White=0.06 (flawless) /Black=0.36} 1-0

[Event "USA Championship Women 2022"]
[Site "Saint Louis"]
[Date "2022.10.09"]
[Round "5.4"]
[White "Morris-Suzuki, Sophie"]
[Black "Lee, Alice"]
[Result "1/2-1/2"]
[ECO "D46"]
[WhiteElo "2126"]
[BlackElo "2263"]
[Annotator "TA"]
[PlyCount "107"]
[EventDate "2022.09.05"]
[EventType "tourn"]
[EventCountry "USA"]
[SourceTitle "playchess.com"]
[Source "ChessBase"]
[SourceQuality "1"]
[TimeControl "40/5400+30:1800+30"]

1. d4 d5 2. c4 c6 3. Nf3 Nf6 4. Nc3 e6 5. e3 Nbd7 6. Qc2 Bd6 7. Bd3 dxc4 8. Bxc4 b5 9. Bd3 O-O 10. O-O Bb7 11. e4 e5 12. h3 {[%emt 0:00:12] D46: Semi-Slav: 5 e3 Nbd7 6 Bd3, Black avoids the Meran.} Re8 13. dxe5 Nxe5 14. Nxe5 Bxe5 (14... Rxe5 15. f4 Rh5 16. e5 Bc5+ 17. Kh1 $16) 15. Be3 a6 16. f4 {[%emt 0:09:30] 16.Rfd1 is the modern continuation.} Bxc3 17. bxc3 c5 $1 {[%emt 0:00:08] And now ...c4 would win.} 18. e5 ({Much worse is} 18. Bxc5 Rc8 19. Bd4 Bxe4 $15) 18... c4 19. Be2 $36 {[%emt 0:15:22][%mdl 2048] White has good play.} Be4 20. Qb2 {[%emt 0:06:08] is the legacy move (20.Qc1).} Nd5 21. Bd4 Qh4 22. Qd2 Rad8 {[%emt 0:02:16] [#]} 23. f5 $146 ({Predecessor:} 23. a4 Qh6 24. axb5 axb5 25. Rf2 Ne7 26. Qe3 f5 27. Qg3 Nd5 28. Bf3 Qg6 29. Qh4 Bxf3 30. Rxf3 {½-½ (45) Volovici,D (2350)-Sferle,M (2497) ICCF email 2019}) 23... Ne7 24. Bg4 h5 ({Better is} 24... Bd3 $11 25. Rf3 Nc6) 25. Qf4 $14 hxg4 26. Qxe4 {[%emt 0:00:35] Black must now prevent Rf4.} Nd5 {[%emt 0:00:40] Against Rf4} 27. hxg4 b4 28. Rf3 {[%emt 0:15:34] Strongly threatening Rh3.} Nf6 29. Qf4 Nd5 30. Qe4 {[%emt 0:05:06] Hoping for Rh3.} bxc3 (30... Nf6 $11 31. Qf4 Nd5 32. Qe4) 31. Bxc3 Nxc3 {[%emt 0:00:08][%mdl 64] [#] Remove Defender} 32. Rxc3 Rd2 33. Qe1 (33. Rf1 $14) 33... Qd8 $11 34. Kh1 Qd5 35. Qg3 ({Much weaker is} 35. Qf1 Rxe5 36. Rb1 Re8 $17) 35... Qd4 36. Rac1 Rd3 37. Rxd3 cxd3 {[%emt 0:00:03][%mdl 4096] Endgame KQR-KQR} 38. Rd1 d2 {[%emt 0:00:03] ...g5 is the strong threat.} 39. g5 (39. e6 $5) 39... Rc8 40. g6 $2 {[%emt 0:00:43][%mdl 8192] [#]} (40. e6 $11) 40... Rc3 $2 (40... Rc1 $1 $19 41. gxf7+ Kxf7 42. Qb3+ Ke8 43. Qg8+ Kd7 44. Qf7+ Kc6 45. Qe6+ Kc7 46. Qf7+ Qd7) 41. gxf7+ {[%emt 0:25:14] The position is equal.} Kxf7 42. e6+ Kf8 43. e7+ Kxe7 44. Qg5+ Kf7 45. Qxd2 Qxd2 46. Rxd2 {[%emt 0:00:02] KR-KR} Ra3 47. g4 Ra4 48. g5 Rh4+ 49. Kg1 Rg4+ 50. Rg2 Rf4 51. Rf2 Rg4+ 52. Rg2 Rf4 53. Rf2 Rg4+ 54. Rg2 {[%emt 0:00:32] Weighted Error Value: White=0.23 (precise) /Black=0.27 (precise)} 1/2-1/2

[Event "USA Championship Women 2022"]
[Site "Saint Louis"]
[Date "2022.10.09"]
[Round "5.5"]
[White "Lee, Megan"]
[Black "Abrahamyan, Tatev"]
[Result "1/2-1/2"]
[ECO "C16"]
[WhiteElo "2226"]
[BlackElo "2308"]
[Annotator "TA"]
[PlyCount "62"]
[EventDate "2022.09.05"]
[EventType "tourn"]
[EventCountry "USA"]
[SourceTitle "playchess.com"]
[Source "ChessBase"]
[SourceQuality "1"]
[TimeControl "40/5400+30:1800+30"]

1. e4 e6 2. d4 d5 3. Nc3 Bb4 4. e5 b6 5. a3 Bxc3+ 6. bxc3 Ne7 7. Qg4 Ng6 8. h4 h5 9. Qd1 Ba6 10. Bxa6 Nxa6 11. Bg5 Qd7 12. a4 {[%emt 0:01:32] C16: French: 3 Nc3 Bb4 4 e5: Lines without ...c5.} c5 13. Ne2 $1 Rc8 {[%emt 0:19:46] [#]} 14. Rh3 $146 (14. O-O $14 {was preferrable.}) ({Predecessor:} 14. O-O Ne7 15. Nf4 g6 16. Bf6 Rg8 17. c4 dxc4 18. Bxe7 Kxe7 19. d5 exd5 20. Nxd5+ {½-½ (31) Muzychuk,A (2561)-Ovod,E (2375) Novi Sad 2016}) 14... Qc7 15. Qd3 Nb8 16. Kd1 Nc6 17. Rb1 (17. Ke1 $11) 17... Na5 18. Rg3 Qd7 19. Ra1 Nc4 {[%emt 0:04:50] Hoping for ...Nb2+. Pair of Knights!} 20. Bc1 {[%emt 0:00:23] Against Nb2+} (20. Ke1 $1 $15) 20... Qe7 $1 $17 ({Worse is} 20... Nxh4 21. Rxg7 Nf5 22. Rg5 $15) 21. Rxg6 fxg6 22. Nf4 Qf7 23. Nxg6 {[%emt 0:02:28] [#]} Qxf2 24. Nxh8 $11 {[%emt 0:00:48] Qf3 is the strong threat. The board is on fire. The position is equal.} Qg1+ 25. Ke2 Qxg2+ 26. Ke1 {[%emt 0:00:20] Strongly threatening Qg6+.} Kd7 {[%emt 0:00:10] ( -> ...Rf8)} 27. Ng6 {[%emt 0:02:58] Against Rf8} Qg1+ 28. Ke2 Qg2+ 29. Ke1 Qg1+ 30. Ke2 Qg2+ 31. Ke1 Qg1+ {[%emt 0:00:07] Weighted Error Value: White=0.18 (very precise) /Black=0.10 (very precise)} 1/2-1/2

[Event "USA Championship Women 2022"]
[Site "Saint Louis"]
[Date "2022.10.09"]
[Round "5.6"]
[White "Cervantes Landeiro, Thalia"]
[Black "Paikidze, Nazi"]
[Result "1/2-1/2"]
[ECO "E11"]
[WhiteElo "2272"]
[BlackElo "2354"]
[Annotator "TA"]
[PlyCount "132"]
[EventDate "2022.09.05"]
[EventType "tourn"]
[EventCountry "USA"]
[SourceTitle "playchess.com"]
[Source "ChessBase"]
[SourceQuality "1"]
[TimeControl "40/5400+30:1800+30"]

1. d4 Nf6 2. c4 e6 3. Nf3 Bb4+ 4. Nbd2 O-O 5. a3 Be7 6. e4 d6 {[%emt 0:00:06][%cal Oe6e5] E11: Bogo-Indian.} 7. Bd3 Nbd7 (7... e5 $5) 8. b4 e5 9. O-O exd4 10. Nxd4 a5 11. Bb2 Re8 12. Nf5 Bf8 13. f4 g6 14. Ne3 Bg7 {[%emt 0:01:37][%cal Of6g4] [#]} 15. Qb3 $146 ({Predecessor:} 15. Qc2 c6 16. Nb3 axb4 17. axb4 Rxa1 18. Bxa1 Nf8 19. Kh1 Ne6 20. c5 dxc5 21. bxc5 {½-½ (52) Murtazin,B (2342)-Maletin,P (2587) Sochi 2015}) 15... b6 16. c5 ({White should try} 16. Rae1 $14) 16... a4 17. Qa2 bxc5 18. Bc4 Re7 {[%emt 0:11:09] next ...cxb4 is good for Black.} 19. bxc5 Bb7 (19... Nxe4 20. Bxg7 Kxg7 21. Nd5 $11) (19... Rb8 $5 20. Rab1 Nxe4 21. Bxg7 Rxb1 22. Rxb1 Kxg7 $11) 20. Rad1 Nxc5 (20... Qf8 $11) 21. e5 $14 Nfd7 22. f5 Bxe5 {[%emt 0:09:43] [#]} (22... Nxe5 23. f6 Bxf6 24. Rxf6 $16) (22... Rxe5 $14 23. f6 Bxf6) 23. f6 $2 {[%emt 0:06:49] [#]} (23. fxg6 $6 hxg6 24. Bxf7+ Kg7 $16) ({White should play} 23. Bxf7+ $1 $18 Kg7 24. fxg6 hxg6 25. Ndc4 $1) 23... Re6 $1 $15 24. Bxe6 Nxe6 25. Ng4 Ba6 {[%emt 0:02:04] This bishop pair is nice.} 26. Rfe1 h5 (26... Nxf6 $2 27. Nh6+ (27. Nxe5 dxe5 28. Nc4 Qb8 $16) 27... Kf8 28. Nxf7 $1 Kxf7 29. Bxe5 dxe5 30. Nf3 $18 (30. Ne4 Nd7 $11)) (26... Bxf6 $2 27. Nxf6+ Nxf6 28. Rxe6 fxe6 29. Qxe6+ Kf8 30. Bxf6 $18) (26... Bxb2 $11 {keeps the balance.} 27. Nh6+ (27. Qxb2 Ndc5 $11) 27... Kf8 28. Rxe6 fxe6 29. Qxe6 Qxf6 30. Qg8+ Ke7 31. Re1+ (31. Qxa8 $2 Qd4+ 32. Kh1 Be2 $19) 31... Ne5 32. Qxa8 Bd4+ 33. Kh1 Qf2) 27. Nh6+ (27. Nxe5 $16 Nxe5 28. Bxe5 dxe5 29. Nf3 Qxf6 30. Nxe5) 27... Kf8 $11 {[%emt 0:00:06] Hoping for ...Qxf6.} 28. Nf3 Qxf6 (28... Bxf6 $2 29. Nxf7 $1 Kxf7 30. Ng5+ Bxg5 31. Rxe6 $18) 29. Nxe5 Nxe5 30. Bxe5 ({Of course not} 30. Qd5 Rd8 31. Qa5 Bb7 32. Bxe5 dxe5 33. Qb4+ (33. Rxd8+ Qxd8 34. Qb4+ Kg7 $15) 33... Kg7 34. Qxb7 Rxd1 35. Rxd1 Kxh6 $15) 30... dxe5 31. Rd7 Nd8 32. Qd5 $36 {[%emt 0:02:03][%mdl 2048] Inhibits Bb5. White has good play.} Rb8 {[%emt 0:01:04] White must now prevent ...Kg7.} 33. Rd1 $1 ({Reject} 33. Qxe5 Qxe5 34. Rxe5 Kg7 $17) 33... Kg7 {[%emt 0:01:53][%cal Ob8b2] And now ...Rb2! would win.} 34. Rxd8 {[%emt 0:01:11] Dancing on a razor blade.} Rxd8 (34... Bc4 $1 $11 {remains equal.} 35. Qd2 (35. Qxc4 Rxd8 36. Rxd8 Qxd8 $15) 35... Rxd8 36. Qxd8 Qxd8 37. Rxd8 Kxh6) 35. Qxd8 $16 Qxd8 36. Rxd8 {[%emt 0:00:04] Strongly threatening Ng8.} Kxh6 $11 {[%emt 0:00:03][%mdl 4096] Endgame KR-KB} 37. Rd5 c6 38. Rxe5 Bc4 39. Kf2 {[%emt 0:01:00][%mdl 1024] White has strong compensation.} Bd5 40. g3 g5 (40... Kg7 $16 {was worth a try.}) 41. Re7 $18 f5 $2 (41... Kg6 {is tougher.} 42. Ra7 Bb3) 42. Ra7 Bb3 43. Ra6 h4 {[%emt 0:01:12] [#]} (43... g4 $142 44. Rxc6+ Kg5) 44. gxh4 $1 gxh4 45. Rxc6+ Kg5 46. Rd6 Kg4 47. Kg2 h3+ 48. Kf2 f4 49. Rd4 Bc2 50. Rd8 Bb3 51. Rd7 Bc2 52. Rg7+ Kf5 53. Rc7 Bb3 54. Rc5+ Kg4 55. Ke2 Be6 56. Rc3 Bb3 57. Kd2 Bf7 58. Ke2 Bb3 59. Rc5 {[%emt 0:00:59] Against Bd5} Be6 60. Kf2 Bb3 61. Ra5 Bc2 62. Rd5 Bb3 63. Rd2 Be6 64. Rd6 Bb3 65. Rd2 Be6 66. Rd6 Bb3 {[%emt 0:00:11] Weighted Error Value: White=0.33/Black=0.20 (precise)} 1/2-1/2

[Event "USA Championship Women 2022"]
[Site "Saint Louis"]
[Date "2022.10.09"]
[Round "5.7"]
[White "Foisor, Sabina-Francesca"]
[Black "Yu, Jennifer"]
[Result "0-1"]
[ECO "D12"]
[WhiteElo "2203"]
[BlackElo "2297"]
[Annotator "TA"]
[PlyCount "140"]
[EventDate "2022.09.05"]
[EventType "tourn"]
[EventCountry "USA"]
[SourceTitle "playchess.com"]
[Source "ChessBase"]
[SourceQuality "1"]
[TimeControl "40/5400+30:1800+30"]

1. d4 d5 2. Nf3 Nf6 3. e3 Bf5 4. c4 c6 5. Nc3 e6 6. Nh4 Bg6 7. Be2 {[%emt 0:00:54] D12: Slav Defence: 3 Nf3 Nf6 4 e3 Bf5.} Be7 8. Nxg6 hxg6 9. Qc2 {[%emt 0:01:05] The position is equal.} Qc7 10. g3 Nbd7 11. Bd2 {[%emt 0:08:02] [#]} g5 $146 ({Predecessor:} 11... Rd8 12. c5 e5 13. f3 Nf8 14. b4 Ne6 15. Qd3 g5 16. O-O exd4 17. exd4 Kf8 {0-1 (57) Hernandez,C (2320)-Narciso Dublan,M (2502) Linares 2020}) 12. O-O dxc4 13. e4 e5 $1 14. d5 Nb6 {[%emt 0:21:38] And now ...Qd7 would win.} 15. dxc6 (15. Bxg5 $11 Qd7 16. h4) 15... Qc8 $1 $36 {[%emt 0:08:14][%mdl 2048] Black has good play.} 16. Bf3 (16. cxb7 Qh3 17. bxa8=Q+ Nxa8) (16. g4 $1 $15) 16... Qh3 17. Rfe1 bxc6 18. Be3 Nfd7 ({And not} 18... g4 19. Bg2 Qxh2+ 20. Kf1 $17) ({Better is} 18... Rh6 $19 19. Ne2 Ng4 20. Bxg4 Qxg4) 19. Na4 $15 Qxh2+ 20. Kf1 Qh3+ 21. Bg2 Qe6 22. Rac1 f6 23. Red1 Kf7 24. a3 (24. Nxb6 $11 Nxb6 25. Qc3) 24... Nxa4 25. Qxa4 Nb6 26. Bxb6 axb6 27. Qxc4 Qxc4+ 28. Rxc4 c5 29. Rc3 b5 30. Rcd3 g4 31. f3 gxf3 32. Bxf3 g6 33. Kg2 b4 (33... Rhb8 $17 34. Rd7 b4) 34. axb4 cxb4 35. R1d2 Ra1 36. Bd1 f5 37. Rf3 Bg5 38. Rd7+ Ke6 39. Rfd3 Be7 {[%emt 0:00:04] Prevents R3d6+.} (39... fxe4 $2 {gets mated.} 40. Bg4+ Kf6 41. R3d6#) 40. Rb7 $2 (40. exf5+ $11 {and White is okay.} gxf5 41. g4) 40... Kf6 (40... fxe4 $19 41. Bg4+ Kf6 42. Rb6+ Kg7) 41. Rb6+ Kg5 {[%emt 0:00:43] Strongly threatening ...Rb1.} 42. Rb5 Rb1 43. Rxe5 Rxb2+ 44. Kf3 Bf6 (44... Kf6 $5 45. Rb5 Rh1 46. exf5 Rf1+ 47. Ke3 Rxf5 48. Rxf5+ Kxf5 49. Rd5+ Kf6 $15) 45. Red5 (45. Rb5 $11) 45... Bc3 {[%emt 0:03:33] Black has more active pieces.} (45... Rhh2 $17) 46. exf5 $11 gxf5 47. Re3 Rh1 48. Be2 {[%emt 0:02:03] Against Rf1+} Rh2 49. Rd1 {[%emt 0:03:43] Prevents Be1.} (49. Re8 $1 $11 {and White stays safe.}) 49... Bf6 $2 (49... Bd2 $1 $19 50. Rd3 Bc1 $1 51. Rxc1 Rbxe2) 50. Re8 (50. Rd6 $11 {remains equal.}) 50... Rb3+ $17 {[%emt 0:00:21] Black continues to play with concentration.} 51. Re3 Rxe3+ 52. Kxe3 {[%emt 0:00:01][%mdl 4096] Endgame KRB-KRB} Be5 {[%emt 0:00:29] Hoping for ...b3.} 53. Rb1 (53. Rd8 $15) 53... Bd6 $19 54. Kf3 $2 {[%emt 0:00:29] [#]} (54. Rd1 Bc5+ 55. Kd2) 54... Bc5 $1 55. Rf1 {[%emt 0:00:14] Prevents Rf2+.} b3 {[%emt 0:00:21] Threatens to win with ...b2.} 56. Bd3 b2 57. Bb1 Rd2 58. Ba2 Bb6 {[%emt 0:01:13] White must now prevent ...Bc5.} 59. Bb1 Bd4 60. Ba2 Rd3+ 61. Kg2 Be5 {[%emt 0:00:12] ( -> ...Kg4)} 62. Rf3 Rd1 {[%emt 0:00:32] Black mates.} 63. Rf1 Rxf1 64. Kxf1 {[%emt 0:00:00] KB-KB} Kg4 65. Bb1 Bxg3 66. Ke2 f4 67. Ba2 f3+ 68. Ke3 Bh4 69. Bb1 Kg3 70. Be4 Bg5+ {[%emt 0:00:13] Weighted Error Value: White=0.36/Black=0.20 (precise)} 0-1